 Dungeon Crawl Stone Soup version 0.26-a0-949-ga0cc1ef5f6 (webtiles) character file.

Game seed: 3707388087790776449

10367 sahdkjhfkaj the Whirler (level 11, -6/77 HPs)
             Began as a Halfling Hunter on Nov 28, 2020.
             Was the Champion of Okawaru.
             Mangled by a komodo dragon (24 damage)
             ... on level 1 of the Lair of Beasts.
             The game lasted 00:24:18 (13609 turns).

sahdkjhfkaj the Whirler (Halfling Hunter)          Turns: 13609, Time: 00:24:19

Health: -6/77      AC: 10    Str: 14    XL:     11   Next: 91%
Magic:  11/11      EV: 22    Int: 11    God:    Okawaru [******]
Gold:   760        SH:  0    Dex: 22    Spells: 10/10 levels left

rFire    . . .     SeeInvis .   a - +1 hunting sling
rCold    . . .     Faith    .   (shield restricted)
rNeg     + . .     Spirit   .   r - +0 steam dragon scales
rPois    .         Reflect  .   (no helmet)
rElec    .         Harm     .   (no cloak)
rCorr    .         Rampage  .   A - +1 pair of gloves
MR       .....                  y - +1 pair of boots
Stlth    ++++......             (no amulet)
HPRegen  0.22/turn              g - ring of positive energy
MPRegen  0.12/turn              o - +6 ring of dexterity

@: no status effects
A: small, mutation resistance 1
a: Heroism, Finesse, Renounce Religion


You were on level 1 of the Lair of Beasts.
You worshipped Okawaru.
Okawaru was exalted by your worship.
You visited 2 branches of the dungeon, and saw 11 of its levels.

You collected 760 gold pieces.

Inventory:

Hand Weapons
 a - a +1 hunting sling (weapon)
 b - a +0 short sword
Missiles
 d - 96 sling bullets (quivered)
 f - 72 stones
Armour
 r - +0 steam dragon scales (worn)
 y - a +1 pair of boots (worn)
 A - a +1 pair of gloves (worn)
Jewellery
 g - a ring of positive energy (left hand)
 m - a +4 ring of protection {unknown}
 o - a +6 ring of dexterity (right hand)
 B - an uncursed ring of resist corrosion
 C - an uncursed ring of see invisible {unknown}
 F - an uncursed ring of poison resistance {unknown}
 J - an uncursed ring of ice {unknown}
 L - an uncursed amulet of regeneration {unknown}
 N - an uncursed amulet of faith {unknown}
Wands
 x - a wand of digging (3)
 G - a wand of iceblast (9)
 H - a wand of paralysis (6)
 I - a wand of enslavement (19)
 M - a wand of disintegration (16)
Scrolls
 h - 2 scrolls of magic mapping {!r}
 j - 6 scrolls of remove curse {!r}
 l - 2 scrolls of immolation {!r}
 p - 2 scrolls of enchant armour {!r}
 v - a scroll of fog {!r, unknown}
 w - 2 scrolls of random uselessness {!r, unknown}
 z - 3 scrolls of amnesia {!r}
 D - 5 scrolls of teleportation {!r}
 K - a scroll of enchant weapon {!r, unknown}
Potions
 c - 2 potions of cancellation {!q, unknown}
 e - a potion of lignification {!q}
 i - 4 potions of magic {!q}
 k - a potion of invisibility {!q, unknown}
 n - 3 potions of haste {!q, unknown}
 q - a potion of berserk rage {!q, unknown}
 s - 5 potions of might {!q}
 t - 3 potions of flight {!q, unknown}
 u - 3 potions of curing {!q}
 E - a potion of mutation {!q, unknown}


   Skills:
 - Level 8.0 Fighting
 - Level 15.0 Slings
 - Level 5.0 Armour
 - Level 8.0 Dodging
 - Level 6.0 Stealth
 + Level 7.0 Evocations


You had 10 spell levels left.
You didn't know any spells.
Your spell library contained the following spells:

 Spells                   Type           Power        Failure   Level
 Animate Skeleton         Necr           #.....       34%         1
 Corona                   Hex            #......      34%         1
 Pain                     Necr           #...         34%         1
 Ensorcelled Hibernation  Hex/Ice        #.....       47%         2
 Confusing Touch          Hex            #.......     71%         3
 Dazzling Flash           Conj/Hex       #.....       71%         3
 Tukima's Dance           Hex            #.......     71%         3
 Vampiric Draining        Necr           #.........   71%         3
 Animate Dead             Necr           #.........   98%         4
 Agony                    Necr           #.......     100%        5


Dungeon Overview and Level Annotations

Branches:
Dungeon (10/15)            Temple (0/1) D:6            Lair (1/6) D:9
    Orc (0/2) D:9

Altars:
Dithmenos
Fedhas
Kikubaaqudgha
Okawaru
Uskayaw
Vehumet
Xom
Zin
The Shining One

Annotations:
D:7 DarkMailMan's ghost, novice DsCK


Innate Abilities, Weirdness & Mutations

You are small and have problems with some larger weapons.
You are somewhat resistant to further mutation.


Message History

The black bear rages.
Evoke which item? (* to show all) (? for menu, Esc to quit)
Aiming: Paralyse
Press: ? - help, Shift-Dir - straight line, f/p - komodo dragon
Aim: a komodo dragon (heavily wounded, chance to defeat MR: 50%)
The komodo dragon resists with some effort.
The komodo dragon closely misses you.
Evoke which item? (* to show all) (? for menu, Esc to quit)
Aiming: Paralyse
Press: ? - help, Shift-Dir - straight line, f/p - komodo dragon
Aim: a komodo dragon (heavily wounded, chance to defeat MR: 50%)
The komodo dragon resists with some effort.
The komodo dragon misses you.
Evoke which item? (* to show all) (? for menu, Esc to quit)
Aiming: Paralyse
Press: ? - help, Shift-Dir - straight line, f/p - komodo dragon
Aim: a komodo dragon (heavily wounded, chance to defeat MR: 50%)
The komodo dragon resists with some effort.
The komodo dragon bites you!!
You die...

### ### ### ####
####.###.####.#
#..#####....[...@lh.##
.
..<...##.#####.####.###
## ... ####..##.# ###
#..#.#####.#....
##..#.#
##h....((.((((.( #.##.#
#######..#####. #.##.#
#### #....# #....#
###..#


You could see a komodo dragon and a black bear (berserk).

Vanquished Creatures
  Erica (D:9)
  Pikel (D:8)
  3 centaur zombies (D:10)
  A centaur skeleton (D:10)
  A kobold demonologist (D:9)
  2 komodo dragons
  A troll (D:7)
  Sigmund (D:4)
  2 yaks
  2 hogs (D:8)
  A human (D:8)
  A wyvern (D:10)
  A steam dragon (D:8)
  Menkaure (D:5)
  3 sky beasts
  2 ice beasts
  A black bear (D:9)
  An orc warrior (D:9)
  3 ogres
  An eye of draining (D:8)
  2 phantoms
  2 necrophages (D:7)
  6 centaurs
  15 big kobolds (D:9)
  A lemure (D:8)
  7 bullfrogs
  A water moccasin zombie (D:6)
  2 wyvern zombies
  2 scorpions
  A water moccasin skeleton (D:8)
  12 killer bees (D:10)
  7 wights (D:9)
  3 howler monkeys (D:7)
  2 quasits
  2 bullfrog zombies
  2 jellies (D:6)
  5 orc priests
  6 hounds
  2 bullfrog skeletons
  Natasha (thrice) (D:4)
  5 iguanas
  8 orc wizards
  6 worker ants
  A howler monkey zombie (D:10)
  3 gnolls (D:10)
  11 adders
  2 shadow imps
  5 white imps
  2 ufetubi
  An adder zombie (D:9)
  2 worms (D:2)
  2 dart slugs
  5 leopard geckos
  43 orcs
  4 giant cockroaches
  11 goblins
  8 hobgoblins
  7 jackals
  12 kobolds
  5 quokkas
  3 ball pythons
  4 bats
  5 frilled lizards
  A quokka skeleton (D:6)
  6 rats
275 creatures vanquished.

Vanquished Creatures (others)
  A fungus (Lair:1)
  9 plants
10 creatures vanquished.

Grand Total: 285 creatures vanquished

Notes
Turn   | Place    | Note
-------+----------+-------------------------------------------
     0 | D:1      | sahdkjhfkaj the Halfling Hunter began the quest for the
                  | Orb.
     0 | D:1      | Reached XP level 1. HP: 14/14 MP: 1/1
    24 | D:1      | Reached skill level 6 in Slings
   102 | D:1      | Reached XP level 2. HP: 19/19 MP: 2/2
   329 | D:1      | Reached skill level 7 in Slings
   329 | D:1      | Reached XP level 3. HP: 24/24 MP: 3/3
   805 | D:2      | Found an ancient bone altar of Kikubaaqudgha.
  1315 | D:2      | Reached XP level 4. HP: 25/29 MP: 4/4
  1575 | D:2      | Reached skill level 8 in Slings
  2688 | D:4      | Found a glowing silver altar of Zin.
  2688 | D:4      | Found a blossoming altar of Fedhas.
  2737 | D:4      | Reached XP level 5. HP: 33/34 MP: 5/5
  3100 | D:4      | Noticed Natasha
  3109 | D:4      | Killed Natasha
  3110 | D:4      | Reached skill level 9 in Slings
  3176 | D:4      | Noticed Natasha
  3179 | D:4      | Killed Natasha
  3310 | D:4      | Found a shadowy altar of Dithmenos.
  3313 | D:4      | Found an iron altar of Okawaru.
  3372 | D:4      | Became a worshipper of Warmaster Okawaru
  3383 | D:4      | Found a radiant altar of Vehumet.
  3386 | D:4      | Found a shimmering altar of Xom.
  3386 | D:4      | Noticed Sigmund
  3397 | D:4      | Killed Sigmund
  3397 | D:4      | Reached * piety under Okawaru
  3398 | D:4      | Reached skill level 10 in Slings
  3398 | D:4      | Reached XP level 6. HP: 17/39 MP: 6/6
  3619 | D:4      | Reached skill level 11 in Slings
  3619 | D:4      | Reached XP level 7. HP: 44/44 MP: 7/7
  3788 | D:4      | Noticed Natasha
  3790 | D:4      | Killed Natasha
  3813 | D:5      | Entered Level 5 of the Dungeon
  3861 | D:5      | Noticed Menkaure
  3880 | D:5      | Killed Menkaure
  4261 | D:5      | Reached skill level 12 in Slings
  4551 | D:5      | Reached ** piety under Okawaru
  4569 | D:5      | Reached XP level 8. HP: 45/49 MP: 8/8
  4918 | D:6      | Reached skill level 13 in Slings
  5055 | D:6      | Reached skill level 14 in Slings
  5085 | D:6      | Found a hide-covered altar of Uskayaw.
  5395 | D:6      | Found a glowing golden altar of the Shining One.
  5530 | D:6      | Reached skill level 15 in Slings
  5530 | D:6      | Reached XP level 9. HP: 47/54 MP: 9/9
  5609 | D:6      | Found a staircase to the Ecumenical Temple.
  5759 | D:7      | Reached *** piety under Okawaru
  5769 | D:7      | Reached skill level 1 in Evocations
  5955 | D:7      | Reached skill level 1 in Armour
  6096 | D:7      | Received a gift from Okawaru
  6568 | D:7      | Noticed a troll
  6591 | D:7      | Killed a troll
  6845 | D:7      | Found a transporter.
  6860 | D:7      | Found a transporter.
  6860 | D:7      | Noticed DarkMailMan's ghost (novice DsCK)
  8616 | D:8      | Reached skill level 5 in Fighting
  8659 | D:8      | Reached XP level 10. HP: 65/65 MP: 1/10
  8913 | D:8      | Reached **** piety under Okawaru
  8957 | D:8      | Noticed Pikel
  8992 | D:8      | Killed Pikel
  8993 | D:8      | Reached skill level 5 in Evocations
  9292 | D:8      | Reached skill level 5 in Dodging
  9327 | D:8      | Reached ***** piety under Okawaru
  9660 | D:9      | Noticed a kobold demonologist
  9681 | D:9      | Noticed an ice devil
  9685 | D:9      | Noticed an orange demon
  9686 | D:9      | Found a staircase to the Orcish Mines.
 10384 | D:9      | Noticed a sixfirhy
 10394 | D:9      | Noticed a smoke demon
 10403 | D:9      | Killed a kobold demonologist
 10412 | D:9      | Reached XP level 11. HP: 74/74 MP: 11/11
 10802 | D:9      | Found a staircase to the Lair.
 10931 | D:9      | Noticed Erica
 10958 | D:9      | Killed Erica
 10958 | D:9      | Reached ****** piety under Okawaru
 10958 | D:9      | Received a gift from Okawaru
 10959 | D:9      | Reached skill level 5 in Armour
 11697 | D:10     | Entered Level 10 of the Dungeon
 12301 | D:10     | Reached skill level 5 in Stealth
 12800 | D:10     | Received a gift from Okawaru
 13512 | Lair:1   | Entered Level 1 of the Lair of Beasts
 13609 | Lair:1   | Mangled by a komodo dragon

Illustrated notes

Levels and vault maps discovered:
D:1:      scummos_arrival_checkerplants, layout_loops_ring,
          kennysheep_decorative_pillar
D:2:      layout_loops_corners, lemuel_coloured_pillars_altar, serial_bayou,
          serial_bayou_ford_a, serial_bayou_shore_b, serial_bayou_pond_d,
          serial_bayou_lake_a, serial_bayou_pond_e, serial_bayou_shore_b
D:3:      layout_loops_corners
D:4:      layout_loops_corners, gammafunk_temple_overflow_elements,
          grunt_temple_overflow_cloverleaf, minmay_misc_feat_columns,
          uniq_sigmund, uniq_natasha
D:5:      layout_cave_pools, uniq_menkaure
D:6:      layout_rooms, tso_metal_star, eat_drink_and_be_merry_uskayaw,
          temple_hall
D:7:      layout_basic, gammafunk_ghost_mausoleum, nrook_campfire
D:8:      minmay_chambers_of_sixes, layout_basic, grunt_livestock, uniq_pikel
D:9:      layout_roguey [special_room_kobold], lair_entry_dummy, orc_0_dummy,
          special_room [special_room_orc], uniq_erica
D:10:     layout_irregular_city
Lair:1:   layout_loops_ring, ebering_ghost_funeral_grove, beast_lair_carwin_4

Skill      XL: |  1  2  3  4  5  6  7  8  9 10 11 |
---------------+----------------------------------+-----
Slings         | 6 7 8 10 11 12 15 | 15.0
Fighting       | 5 7 8 |  8.0
Evocations     | 3 5 7 |  7.0
Armour         | 2 4 5 |  5.0
Dodging        | 4 6 8 |  8.0
Stealth        | 3 4 6 |  6.0

Action                   |  1- 3 |  4- 6 |  7- 9 | 10-12 || total
-------------------------+-------+-------+-------+-------++-------
 Fire: Hunting sling     |    79 |   116 |   583 |  1087 ||  1865
Evoke: Wand              |       |       |       |     4 ||     4
  Use: Scroll            |     3 |     3 |     4 |     1 ||    11
       Potion            |       |       |       |     2 ||     2
Armor: Leather armour    |     1 |       |       |       ||     1
       Ring mail         |     2 |    12 |    57 |       ||    71
       Steam dragon scal |       |       |     2 |    74 ||    76
Dodge: Dodged            |     9 |    16 |   136 |   402 ||   563

Table legend: (Time is in decaauts)
 A = Elapsed time spent in this place.
 B = Non-inter-level travel time spent in this place.
 C = Inter-level travel time spent in this place.
 D = Time resting spent in this place.
 E = Time spent auto-exploring this place.
 F = Levels seen in this place.
 G = Mean time per level.
                   A        B        C        D        E       F      G
               +--------+--------+--------+--------+--------+-----+--------+
         Total |  12975 |  12663 |    312 |   1663 |   8952 |  11 | 1179.5 |
       Dungeon |  12897 |  12586 |    311 |   1663 |   8917 |  10 | 1289.7 |
          Lair |     77 |     77 |      0 |      0 |     35 |   1 |   77.0 |
               +--------+--------+--------+--------+--------+-----+--------+

Top non-repeatable levels by time:
     D:7: 2297 daAuts
     D:9: 2043 daAuts
    D:10: 1663 daAuts
     D:8: 1298 daAuts
     D:2: 1190 daAuts
     D:4: 1144 daAuts
     D:5: 1048 daAuts
     D:3: 845 daAuts
     D:6: 720 daAuts
     D:1: 646 daAuts
  Lair:1: 77 daAuts
